Cogmind - Beta 15 @@@ ROGUE MODE // 2025.09.23 @ 16:06:52 Player: Figgis Result: Destroyed by 1G-IOM(R) with Subdweller Machine Gun Performance ------------- Evolutions (0) 0 Regions Visited (2) 400 Robots Destroyed (23) 115 Value Destroyed (566) 566 Prototype IDs (0) 0 Alien Tech Used (0) 0 Bonus (0) 0 TOTAL SCORE: 1081 Bonus ------- None Cogmind --------- Core Integrity 0/250 Matter 300/300 Energy 98/100 System Corruption 0% Temperature Cool (0) Movement Core (450) Ox8 Location -10/Subcaves Parts ------- > --- POWER (1) -------- (None) > --- PROPULSION (2) --- (None) > --- UTILITY (2) ------ Large Storage Unit Sensor Array > --- WEAPON (2) ------- Subdweller Machine Gun > --- INVENTORY (15) --- Subdweller Power Source Subdweller Optics Light Armor Plating Subdweller Laser Subdweller Machine Gun Scrap Shield Fragment (48) Peak State ------------ > --- POWER ------------ Ion Engine > --- PROPULSION ------- Aluminum Leg Aluminum Leg > --- UTILITY ---------- Large Storage Unit Sensor Array > --- WEAPON ----------- Subdweller Machine Gun Barrage Gun > --- INVENTORY -------- Ion Engine Aluminum Leg Subdweller Monowheel Light Armor Plating Light Assault Rifle Subdweller Machine Gun Scrap Shield Fragment [Rating: 11] Favorites ----------- Power Ion Engine Engine Ion Engine Propulsion Aluminum Leg Leg Aluminum Leg Wheel Subdweller Monowheel Utility Sensor Array Device Sensor Array Storage Large Storage Unit Weapon Subdweller Machine Gun Ballistic Gun Subdweller Machine Gun Build | -11 -10 -10 ------- Run | Yrd Mat Sub Slots Evolved . | . . . Power . | . . . Propulsion . | . . . Utility . | . . . Weapon . | . . . Parts Attached 21 | 3 10 8 Power 3 | . 2 1 Engine 3 | . 2 1 Core . | . . . Reactor . | . . . Propulsion 7 | 2 2 3 Treads . | . . . Leg 6 | 2 2 2 Wheel 1 | . . 1 Hover . | . . . Flight . | . . . Utility 3 | . 3 . Device 1 | . 1 . Storage 2 | . 2 . Processor . | . . . Hackware . | . . . Protection . | . . . Artifact . | . . . Weapon 8 | 1 3 4 Energy Gun 1 | . . 1 Energy Cannon . | . . . Ballistic Gun 7 | 1 3 3 Ballistic Cannon . | . . . Launcher . | . . . Special Weapon . | . . . Impact Weapon . | . . . Slashing Weapon . | . . . Piercing Weapon . | . . . Special Melee Weapon . | . . . Unidentified Prototypes . | . . . Parts Lost 12 | . 3 9 Power 1 | . . 1 Propulsion 5 | . 1 4 Utility . | . . . Weapon 6 | . 2 4 Highest Loss Streak 3 | . 2 3 To Critical Strikes . | . . . Average Backups 5 | 2 5 4 Power . | 1 1 . Propulsion 1 | . 2 1 Utility . | . . 1 Weapon 1 | 1 1 1 Tool/Special . | . . . Unused Backups 7 | . 1 6 Power 2 | . 1 1 Propulsion . | . . . Utility 2 | . . 2 Weapon 3 | . . 3 Tool/Special . | . . . Average Slot Usage (%) 96 | . 89 98 Engine 13 | . 12 13 Leg 27 | . 27 27 Device 12 | . 7 14 Storage 13 | . 12 14 Ballistic Gun 27 | . 27 27 Peak Build Rating 11 | 3 7 11 Average Rating 8 | 1 6 9 On Entrance 3 | . 3 7 Naked Turns . | . . . Heaviest Build 33 | 1 29 33 Greatest Support 20 | 3 20 20 Greatest Overweight (x) 9 | . 1 9 Average Overweight (x) . | . . 1 Largest Inventory Capacity 15 | 5 15 15 Average Capacity 13 | 5 9 15 Most Carried 9 | 5 8 9 Average Carried 5 | 3 5 5 Final Capacity 15 | 5 15 15 Final Carried 6 | 5 5 6 Class Distribution -------------------- 100% | Mutant Dominant Class ---------------- Mutant | -10/Materials Mutant | -10/Subcaves Resources | -11 -10 -10 ----------- Run | Yrd Mat Sub Matter Collected 790 | 188 369 233 Remotely . | . . . Salvage Created 546 | . 345 201 Parts 48 | . 31 17 Haulers Intercepted . | . . . Recyclers Shooed . | . . . Parts Field Recycled . | . . . Retrieved Matter . | . . . Parts Self-Destructed 10 | . . 10 Prevented . | . . . Kills | -11 -10 -10 ------- Run | Yrd Mat Sub Combat Hostiles Destroyed 21 | . 10 11 Guns 21 | . 10 11 Classes Destroyed 4 | . 3 1 Watcher 2 | . 2 . Swarmer 10 | . 3 7 Grunt 7 | . 7 . Subdweller 4 | . . 4 Best Kill Streak 4 | . 4 4 Combat Bots Only 4 | . 3 4 Max Kills in Single Turn 2 | . 1 2 Gunslinging . | . . . Exploded . | . . . Melee . | . . . Uniques/NPCs Destroyed . | . . . Combat | -11 -10 -10 -------- Run | Yrd Mat Sub Hostile Shots Fired 143 | . 64 79 Missed 40 | . 15 25 Hits 103 | . 49 54 Projectile 103 | . 49 54 AOE 4 | . . 4 Critical Strikes 1 | . 1 . Damage Taken 1491 | . 596 895 Core 255 | . 118 137 Absorbed by Shields . | . . . Core Remaining (%) 100 | 100 . . Volleys Fired 81 | . 47 34 Largest 2 | . 2 2 Hottest 58 | . 40 58 Shots Fired 152 | . 90 62 Gun 152 | . 90 62 Cannon . | . . . Launcher . | . . . Special . | . . . Kinetic 152 | . 90 62 Thermal . | . . . Explosive . | . . . Electromagnetic . | . . . Robot Hit Streak 11 | . 11 6 Robot Miss Streak 4 | . 2 4 Penetration Max . | . . . Secondary Targets 3 | . 3 . Max Gunslinging Chain 1 | . 1 . Shots Hit Robots 94 | . 62 32 Core Hits 35 | . 21 14 Critical Kills . | . . . Critical Parts Destroyed . | . . . Critical Strikes . | . . . Melee Attacks . | . . . Impact . | . . . Slashing . | . . . Piercing . | . . . Sneak Attacks . | . . . Combat Hostiles . | . . . Follow-up Attacks . | . . . Damage Inflicted 1386 | . 718 668 Guns 1386 | . 718 668 Cannons . | . . . Explosions . | . . . Melee . | . . . Ramming . | . . . Kinetic 1386 | . 718 668 Thermal . | . . . Explosive . | . . . Electromagnetic . | . . . Impact . | . . . Slashing . | . . . Piercing . | . . . Highest Corruption . | . . . Average Corruption . | . . . Corruption Purged . | . . . Corruption Blocked . | . . . Overload Shots . | . . . Overflow Damage . | . . . Projectiles . | . . . Explosions . | . . . Melee . | . . . Knockbacks . | . . . Impact . | . . . Kinetic . | . . . Secondary . | . . . Self-Inflicted Damage . | . . . Shots . | . . . Rammed . | . . . Targets Rammed . | . . . Kicked . | . . . Crushed . | . . . Highest Temperature 27 | . 27 . Average Temperature 6 | . 6 . Received Heat Transfer 390 | . 312 78 Siege Activations . | . . . Martial Activations . | . . . Shielding Activations . | . . . Robots Disrupted . | . . . Combat Hostiles . | . . . Robots Corrupted . | . . . Combat Hostiles . | . . . Parts Fried . | . . . Impact Corruptions . | . . . Robots Melted . | . . . Combat Hostiles . | . . . Parts Melted . | . . . Heat Transferred . | . . . Parts Sabotaged . | . . . Parts Stolen . | . . . Parts Stripped . | . . . Power Chain Reactions . | . . . Alert | -11 -10 -10 ------- Run | Yrd Mat Sub Maximum Alert Level . | . . . Low Security (%) 100 | 100 100 . Level 1 . | . . . Level 2 . | . . . Level 3 . | . . . Level 4 . | . . . Level 5 . | . . . High Security . | . . . Max Security . | . . . Peak Influence 149 | . 149 . Initial . | . . . Average 88 | . 92 . Influence Increases 562 | . 382 180 Destroy 0b10 Robot/C 340 | . 200 140 Destroy 0b10 Robot/NC 10 | . 10 . Destroy Leader 64 | . 54 10 Successful Hack 12 | . 12 . Disable Machine 15 | . 15 . Destroy Structure 1 | . 1 . Lose Combat Pursuer 120 | . 90 30 Influence Decreases 562 | . 284 278 Entered New Map 48 | . . 48 Time Decay 434 | . 254 180 Lost Part 80 | . 30 50 Squads Dispatched 2 | . 2 . Investigation . | . . . Extermination . | . . . Reinforcement 2 | . 2 . Assault . | . . . Garrison . | . . . Intercept . | . . . Searches Triggered . | . . . Construction Impeded . | . . . Haulers Reinforced . | . . . Active Scanning Responses . | . . . Cargo Convoy Interrupts . | . . . Stealth | -11 -10 -10 --------- Run | Yrd Mat Sub Distress Signals 1 | . 1 . Communications Jammed . | . . . Distress Signals . | . . . Times Spotted 33 | . 18 15 Peak Tracking Total 4 | . 4 4 Tactical Retreats 5 | . 4 1 Traps | -11 -10 -10 ------- Run | Yrd Mat Sub Traps Triggered . | . . . Indirectly . | . . . Trap Hack Attempts . | . . . Triggered . | . . . Disarmed . | . . . Reprogrammed . | . . . Reused . | . . . Traps Extracted . | . . . Installed . | . . . Triggered . | . . . Machines | -11 -10 -10 ---------- Run | Yrd Mat Sub Machines Disabled 1 | . 1 . Max in Single Turn 1 | . 1 . Machines Repaired . | . . . Machines Dismantled . | . . . Machines Sabotaged . | . . . Overloaded Fab Kills . | . . . Hacking | -11 -10 -10 --------- Run | Yrd Mat Sub Machines Accessed 4 | . 4 . Terminals 4 | . 4 . Fabricators . | . . . Repair Stations . | . . . Recycling Units . | . . . Scanalyzers . | . . . Garrison Access . | . . . Total Hacks 9 | . 9 . Successful 3 | . 3 . Failed 6 | . 6 . Catastrophic . | . . . Database Lockouts . | . . . Manual 10 | . 10 . Terminals 9 | . 9 . Fabricators . | . . . Repair Stations . | . . . Recycling Units . | . . . Scanalyzers . | . . . Garrison Access . | . . . Terminal Hacks 3 | . 3 . Robot Analysis 2 | . 2 . Locate Traps 1 | . 1 . Fabricator Hacks . | . . . Repair Station Hacks . | . . . Recycling Unit Hacks . | . . . Scanalyzer . | . . . Garrison Access Hacks . | . . . Unauthorized Hacks . | . . . Terminals . | . . . Fabricators . | . . . Repair Stations . | . . . Recycling Units . | . . . Scanalyzers . | . . . Garrison Access . | . . . Data Cores Recovered . | . . . Used . | . . . Hacking Detections 4 | . 4 . Full Trace Events 1 | . 1 . Feedback Events . | . . . Feedback Blocked . | . . . Robot Schematics Acquired . | . . . Robots Built . | . . . Authchips . | . . . Time . | . . . Total Robot Build Rating . | . . . Part Schematics Acquired . | . . . Parts Built . | . . . Authchips . | . . . Time . | . . . Total Part Build Rating . | . . . Parts Repaired . | . . . Time . | . . . Parts Recycled . | . . . Recycled Matter . | . . . Retrieved Matter . | . . . Retrieved Components . | . . . Parts Scanalyzed . | . . . Part Schematics Acquired . | . . . Parts Damaged . | . . . Bothacking | -11 -10 -10 ------------ Run | Yrd Mat Sub Used RIF Installer . | . . . Robots Hacked . | . . . Non-combat . | . . . Combat . | . . . Robot Hacks Applied . | . . . Relay Couplers Released . | . . . Fabnet Peak Effective % . | . . . Robots Rewired . | . . . Allies Hacked . | . . . Hacks Repelled . | . . . Allies | -11 -10 -10 -------- Run | Yrd Mat Sub Total Allies . | . . . Largest Group . | . . . Highest-Rated Group . | . . . Highest-Rated Ally . | . . . Total Orders . | . . . Ally Attacks . | . . . Total Damage . | . . . Kills . | . . . Allies Corrupted . | . . . Allies Melted . | . . . Intel | -11 -10 -10 ------- Run | Yrd Mat Sub Active Infowar (turns) 2137 | . 347 1790 Sensors 2137 | . 347 1790 Robot Analysis Total 2 | . 2 . Derelict Logs Recovered 1 | . . 1 Drone Launches . | . . . Drone Recoveries . | . . . Exploration | -11 -10 -10 ------------- Run | Yrd Mat Sub Turns Passed 2463 | 26 647 1790 Spaces Moved 1297 | 30 390 877 Core 107 | 30 76 1 Treads . | . . . Legs 1171 | . 314 857 Wheels 19 | . . 19 Hover . | . . . Flight . | . . . Fastest Speed 50 | 50 50 120 Average Speed 165 | 50 119 190 Slowest Speed 500 | 50 190 500 Overloaded Moves . | . . . Propulsion Burnouts . | . . . Robots Hopped . | . . . Potential Cave-ins . | . . . Cave-ins Triggered . | . . . Exploration Rate (%) 35 | 2 67 37 Regions Visited 2 Branch Regions 1 Pre-discovered Areas . | . . . Known Exits Taken . | . . . Unknown Exits Taken 2 | 1 1 . Scrap Searched 4 | . . 4 Spaces Dug . | . . . Terrain Destroyed . | . . . Melee . | . . . Projectile . | . . . AOE . | . . . Terrain Rammed . | . . . Walls Destroyed . | . . . Machines Disabled . | . . . Actions | -11 -10 -10 --------- Run | Yrd Mat Sub Total 1467 | 39 485 943 Wait 33 | . 23 10 Move 1295 | 29 389 877 Hop . | . . . Pick Up 28 | 7 11 10 Fast Attach 1 | 1 . . Attach 16 | 2 7 7 Detach . | . . . Swap 5 | . 4 1 Drop 8 | . 4 4 Fire 81 | . 47 34 Melee . | . . . Ram . | . . . Kick . | . . . Crush . | . . . Escape Stasis . | . . . Rewire . | . . . Trap . | . . . Miscellaneous . | . . . Route ------- -11/Scrapyard -10/Materials (discovered 4 exits: [*Mat] / [*Min x2] / [*Sub]) -10/Subcaves (discovered 1 exit: [*Mat]) History --------- Turn | Location | Event 14 | -11/Scrapyard | Discovered new exit (range 15) 27 | -11/Scrapyard | Entered Materials 249 | -10/Materials | Discovered new exit (range 16) 307 | -10/Materials | Build established: Mutant 328 | -10/Materials | Discovered new exit (range 13) 525 | -10/Materials | Discovered new exit (range 11) 605 | -10/Materials | Discovered new exit (range 11) 674 | -10/Materials | Entered Subcaves 765 | -10/Subcaves | Disturbed a concealed Subdweller 771 | -10/Subcaves | Core integrity fell below 50% 1031 | -10/Subcaves | Shifting Twisted Machinery released Sub. Machine Gun 1683 | -10/Subcaves | Discovered new exit (range 7) 1704 | -10/Subcaves | Lost 3 parts (1p1n1w) 1727 | -10/Subcaves | Learned Materials stockpile data 1753 | -10/Subcaves | A swath of the cavern ceiling suddenly collapsed 2392 | -10/Subcaves | Core integrity fell below 20% 2464 | -10/Subcaves | Destroyed by 1G-IOM(R) with Subdweller Machine Gun Last Messages --------------- 02300_ Acquired 24 matter. 02304_ Searching scrap... 02304_ Found Sub. Power Source. 02304_ Found Sub. Laser. 02304_ Found 48 Matter. 02308_ Acquired Sub. Power Source. 02311_ Acquired Sub. Laser. 02312_ Searching scrap... 02312_ Found Sub. Laser. 02312_ Found 38 Matter. 02318_ Acquired Sub. Optics. 02393_ UQ-0CU(R) destroyed. 02406_ Barrage Gun destroyed. 02425_ Aluminum Leg destroyed. 02455_ Acquired 8 matter. 02456_ Sub. Monowheel destroyed. 02462_ Dropped Ion Engine. 02462_ Dropped Aluminum Leg. 02463_ Dropped Sub. Laser. 02463_ Dropped Lgt. Assault Rifle. Map ----- +----------------------------------------------------+ | #????????????##??????????????????????????????????? | | #???????????# ##?????????????????#########??????? | | #??????????# ##??####???????#### ## ####???? | | ###???????# #??# #?????### ##??? | | ##????#### #### #?????# #??? | | ##??? #### ### ##????# < ## # ## ####? | | #### #?## ## ##???# ######## ## #? | | # #??# ## #???## ##??????# # ## | | ## ##??# ##????# ##??????## # | | ### #???### ##?????# #???????# # | | ## ######?## #?###??# ##???????# # | | ### #??## ### #### ##?????## ## | | #???## ## #?????# #? | | #????## ## #?????# ##? | | # #?????## % #????## ##? | | ## ##?????# ## #????# ## | | ?# ###???# ### #????# | | ?## ### ##?## ## ##????## | | ??##### #??# ### ### #??????#### | | ??????# #???# % #### #?????????# | | ??##### #???## ## #?????????## | | ?## % #????# % ##??????????# ## | | ?# #### #??## % ##??????????####? | | ?## ##??# #?## ## ##?????????????? | | ??## ##??#### ### #### #??????????##?# | | ???## #####% ###?# R=@[##??# ###?#####?## ## | | ????## % #???# [##???# ## ### ### | | ?????## #???# ##????## ## # | | ??????### ## #???# #??????## #### | | ????????## ### ##???## #???????# #??### | | ?????????###?# #?????# #???????# ## ###????? | | ?????????????## #?????# ?#???????##### ##??????# | | ?????????###########?## #####???????# #???????# | | ?????????# ### ### ?## #???????# #?????#"" | | ?????????# #???????# #?????#"" | | ?????????## #???????# #?????#"" | | ??????????# % ###?????# ????#"" | | #######???# & ## "#?????# #???# | | # %#= #???# ## ### ##?? ## ??? # | | #%[& #???## ### ######" ## ###"" ##??#? | | ##"%###????###### ##???## ##"" #????? | | ###&%#????#### #####????# """ #????? | | # #|###??## #????????## ## " # ????? | | " #?## #?####????#&% ## ### #""???? | | ### #?# ####?# ##??? #?""??? | | ## #??# ### ##???? ?????? | | #### ## #????? ?????? | | ## #?## ##?????? ?????? | | ## #???# #??????? ??????? | | *!= #### # # ## #????##??????????????? | +----------------------------------------------------+ Best States ------------- Heat Dissipation 25 Energy Generation 10 Energy Capacity 250 Matter Stores 300 Matter Capacity 300 Sight Range 16 Robot Scan Range 14 Terrain Scan Density 10 Evasion (%) 55 Item Schematics ----------------- None Robot Schematics ------------------ None Fabricated ------------ Nothing Repaired ---------- Nothing Alien Tech Used ----------------- None Achievements -------------- None Challenges ------------ None Game ------ Seed JammingFortressAirjet Manual? 0 Play Time 00:13:24 Cumulative 178.4 hours Start 2025.09.23 @ 15:54:43 End 2025.09.23 @ 16:06:52 Sessions 1 Manual Loads 0 Difficulty Rogue Special Mode None Game No. 279 Rogue 276 Adventurer 3 Explorer 0 Win Type - Total 1 Types 1/0/0/0/0/0/0/0/0/0 Lore% 61 Gallery% 58 Achievement% 46 Wizard Run 0 Options --------- Layout 0 ASCII 0 Keyboard 0 Movement Mouse Keybinds 0 Fullscreen 2 Font 18/SmallcapsGlow Map View 76x50 Zoom Use 0% Tactical HUD 1 Map Filters NONE Filters NONE Steam 1 RUN: bd5d656b-b948-43d0-9d85-438c870242d3